Workbook

Sheet July
A2: Cashbook | B2: 44742 | C2: Deposits | D2: Deductions | E2: JEs | F2: 44773
A4: CB Balance | B4: 51774343 | C4: 7130876.6 | D4: -5864773.6 | F4: =SUM(B4:E4) -> 53040446
A6: Move PR dep to W/D | C6: -45235.95 | D6: =-C6 -> 45235.95 | F6: =SUM(B6:E6) -> 0
A7: Voids in transit | B7: -264.6 | F7: =SUM(B7:E7) -> -264.6 | G7: FY21 carrying variance
A8: duplicate receipt - Sept | B8: -120 | F8: =SUM(B8:E8) -> -120 | G8: FY21 carrying variance
A9: 12-PR122221 | B9: -12.42 | F9: =SUM(B9:E9) -> -12.42 | G9: delta
A10: void in GL not CB 81439 | B10: 190.86 | F10: =SUM(B10:E10) -> 190.86 | G10: timing
A11: 27-PR063022 | B11: -33651.94 | D11: =-B11 -> 33651.94 | F11: =SUM(B11:E11) -> 0
A12: 52A-AP063022 | B12: -224910.06 | D12: =-B12 -> 224910.06 | F12: =SUM(B12:E12) -> 0
A13: 52B-063022 | B13: -329799.38 | D13: =-B13 -> 329799.38 | F13: =SUM(B13:E13) -> 0
A14: 52C-AP063022 | B14: -43152.2 | D14: =-B14 -> 43152.2 | F14: =SUM(B14:E14) -> 0
A15: Correct invoice paid from wrong year | B15: 18000 | E15: =-B15 -> -18000 | F15: =SUM(B15:E15) -> 0
A17: Adj Bal | B17: =SUM(B4:B16) -> 51160623 | C17: =SUM(C4:C16) -> 7085640.7 | D17: =SUM(D4:D16) -> -5188024 | E17: =SUM(E4:E16) -> -18000 | F17: =SUM(F4:F16) -> 53040240
A20: GL
H21: objects
A22: GL Balance | B22: 51158129 | C22: 7085640.7 | D22: =-4812956.33+2307.8 -> -4810648.5 | E22: -18000 | F22: =SUM(B22:E22) -> 53415121 | H22: 1020 to 1110
A25: 21.08 22-T005 Void not in GL | B25: 2025.38 | F25: =SUM(B25:E25) -> 2025.38 | G25: tailings delta
A26: 22.06 VENDOR WEB UTILITY | B26: 469.3 | F26: =SUM(B26:E26) -> 469.3 | G26: timing
A27: 7/6/2022 Void check #81771 not in GL | D27: 120 | F27: =SUM(B27:E27) -> 120
A28: P26 not in ledger | D28: -422731.46 | F28: =SUM(B28:E28) -> -422731.46
A29: Employee Insurance-P26 | D29: 20872.38 | F29: =SUM(B29:E29) -> 20872.38
A30: FSA-P26 | D30: 2919.38 | F30: =SUM(B30:E30) -> 2919.38
A31: Employee Insurance-P27/1 | D31: 20474.19 | F31: =SUM(B31:E31) -> 20474.19
A32: FSA-P27-1 | D32: 970 | F32: =SUM(B32:E32) -> 970
A34: Adj Bal | B34: =SUM(B21:B33) -> 51160623 | C34: =SUM(C21:C33) -> 7085640.7 | D34: =SUM(D21:D33) -> -5188024 | E34: =SUM(E21:E33) -> -18000 | F34: =SUM(F21:F33) -> 53040240
A36: Variance | B36: 0 | C36: =+C34-C17 -> 0 | D36: =+D34-D17 -> 0 | E36: =+E34-E17 -> 0 | F36: =+F34-F17 -> 0

Sheet July CB
B2: DATE | C2: DEPT. | D2: DESCRIPTION | E2: DEPOSIT | F2: DEBIT
B3: 1 | C3: Warrants | D3: FY23 NCR | F3: 1585077 | G3: x
B4: 1 | C4: 22.07/23-656 | D4: 23 Re Tax | E4: 30947.22
B5: 1 | C5: 22.07/23-001 | D5: 22RE Tax | E5: -10180.2
B6: 1 | C6: 22.07/23-001 | D6: 23RE Tax | E6: 10197.11
B7: 1 | C7: 22.07/23-001 | D7: Penalty-22RE Int. | E7: -16.91
B8: 1 | C8: 22.07/23-002 | D8: 23RE Tax | E8: 123203.87
B9: 1 | C9: 22.07/23-003 | D9: 23PP Tax | E9: 38.94
B10: 1 | C10: 22.07/23-003 | D10: 23RE Tax | E10: 93589.52
B11: 1 | C11: 22.07/23-004 | D11: 23RE Tax | E11: 42026.08
B12: 1 | C12: 22.07/23-005 | D12: 23PP Tax | E12: 81.12
B13: 1 | C13: 22.07/23-005 | D13: 23RE Tax | E13: 74245.91
B14: 1 | C14: 22.07/23-007 | D14: 21MV Excise Tax | E14: 78.61
B15: 1 | C15: 22.07/23-007 | D15: 22RE Tax | E15: 22177.62
... B49: 5 | C49: 22.07/23-016 | D49: Penalty-MV Int. | E49: 0.39
B50: 6 | C50: Void Check | D50: #81771 FBINAA - lost | F50: -120
B51: 6 | C51: Warrants | D51: G52A | F51: 224910.06
B52: 6 | C52: Warrants | D52: P-26 | F52: 422731.46 | I52: =+F52-E53-E54 -> 398939.7
B53: 6 | C53: Warrants | D53: Employee Insurance | E53: 20872.38 | G53: move to ap
B54: 6 | C54: Warrants | D54: FSA | E54: 2919.38 | G54: move to ap
B55: 6 | C55: Comm of Mass | D55: DE&SE DOENUT SL-113 | E55: 20181.28
B56: 6 | C56: Comm of Mass | D56: DE&SE DOENUT SL-114 | E56: 243.65
B57: 6 | C57: 22.07/23-017 | D57: 23RE Tax | E57: 14809.91
B58: 6 | C58: 22.07/23-090 | D58: 22 MV Excise Tax | E58: 153.5
B59: 6 | C59: 22.07/23-090 | D59: Penalty-MV Int./DMD Fee | E59: 10.15
B60: 7 | C60: Planning Board | D60: Application Fee | E60: 5000
B61: 7 | C61: Police Dept. FY23-1 | D61: Police Detail | E61: 928
B62: 7 | C62: Police Dept. FY23-1 | D62: Administrative Fee | E62: 92.8
B63: 7 | C63: Chickering 2022-6 | D63: Preschool Revenue (Checks) | E63: 17181.25
B64: 7 | C64: Assessors 2023-01 (June) | D64: Misc. Revenue | E64: 76
B65: 7 | C65: Assessors 2023-01 (June) | D65: Cash | E65: 30.2
B66: 7 | C66: Highway 2022-27 | D66: Recycling Receipts (metal) | E66: 796.88
... B83: 11 | C83: 22.07/23-027 | D83: 23RE Tax | E83: 21188.71
B84: 12 | C84: Void Check | D84: #81742 Walpole Outdoors - bad info | F84: -667.8 | G84: x
B85: 12 | C85: Comm of Mass | D85: DE&SE SPED Alloc | E85: 1000
B86: 12 | C86: Comm of Mass | D86: MDOT CMVI | E86: 210
B87: 12 | C87: 22.07/23-028 | D87: 23RE Tax | E87: 3923.2
B88: 13 | C88: Warrants | D88: FY22 G-52B | F88: 329799.38
B89: 13 | C89: Warrants | D89: DEBT Service | F89: 473133.34 | G89: x
B90: 13 | C90: Warrants | D90: FY23 G-1 | F90: 901281.76 | G90: x
B91: 13 | C91: Warrants | D91: DSRSD Assess | F91: 1041399 | G91: x
B92: 13 | C92: 22.07/23-076 | D92: 23 RE Receivable | E92: 12566.92
B93: 14 | C93: 22.07/23-029 | D93: 23RE Tax | E93: 15161.96
B94: 14 | C94: Board of Health 2023-02 | D94: Septic Revolving | E94: 1500
B95: 14 | C95: Board of Health 2023-03 | D95: Food Permits | E95: 1000
B96: 14 | C96: Board of Health 2023-04 | D96: Administrative Fees | E96: 500
B97: 14 | C97: Board of Health 2023-04 | D97: Septic Revolving | E97: 2400
B98: 14 | C98: Board of Health 2023-04 | D98: Perc/Deep Hole Revolving | E98: 450
B99: 14 | C99: Selectmen TR: FY22-9 | D99: Alcoholic Beverage License | E99: 275
B100: 14 | C100: Selectmen TR: FY22-9 | D100: Credit refund to Supplies, MISC. duplicate pmt. | E100: 400
B101: 14 | C101: Selectmen TR: FY22-9 | D101: Credit refund to Purchase of Prof. Services-Overpmt of invoice | E101: 243.75
B102: 14 | C102: Police Dept. FY23-2 | D102: Police Detail | E102: 11353.04
B103: 14 | C103: Police Dept. FY23-2 | D103: Administrative Fees | E103: 1073
... B147: 19 | C147: Building Dept. 2023-2 | D147: Wiring Revolving | E147: 2535
B148: 20 | C148: Warrants | D148: FU22 G-52C | F148: 43152.2 | G148: in-transit
B149: 20 | C149: Warrants | D149: FY23 G-2 | F149: 145220.01 | G149: x
B150: 20 | C150: Warrants | D150: P-27 / P-1 | F150: 417196.89 | I150: =+F150-E151-E152 -> 395752.7 | L150: 383544.95
B151: 20 | C151: Warrants | D151: Employee Insurance | E151: 20474.19 | G151: move to ap | L151: =+L150-I150 -> -12207.75
B152: 20 | C152: Warrants | D152: FSA | E152: 970 | G152: move to ap
B153: 20 | C153: 22.07/23-036 | D153: 23RE Tax | E153: 5907.02
B154: 20 | C154: 22.07/23-037 | D154: 21MV Excise Tax | E154: 542.29
B155: 20 | C155: 22.07/23-037 | D155: 20MV Excise Tax | E155: 143.98
B156: 20 | C156: 22.07/23-037 | D156: Penalty-MV Int. | E156: 106.74
B157: 20 | C157: 22.07/23-037 | D157: Penalty-MV DMD Fees | E157: 25
B158: 20 | C158: 22.07/23-050 | D158: 23RE Tax | E158: 22059.62
B159: 21 | C159: Highway 2023-03 | D159: Rain Barrels | E159: 60
B160: 21 | C160: Highway 2023-03 | D160: Pick-Up Truck (1/2 Load) | E160: 45
B161: 21 | C161: Highway 2023-03 | D161: Mattresses | E161: 165
B162: 21 | C162: Town Clerk 2022-10 | D162: Dog Licenses | E162: 75
B163: 21 | C163: Town Clerk 2022-10 | D163: Birth Certificates | E163: 40
B164: 21 | C164: Town Clerk 2022-10 | D164: Death Certificates | E164: 50
... B179: 24 | C179: 22.07/23-041 | D179: 23RE Tax | E179: 15383.9
B180: 25 | C180: Void Check | D180: #81571 Live Sax - lost | F180: -1640 | G180: x
B181: 25 | C181: Comm of Mass | D181: MDOT Police Detail 22-107 | E181: 464
B182: 25 | C182: 22.07/23-042 | D182: 23RE Tax | E182: 30011.45
B183: 25 | C183: 22.07/23-052 | D183: 23RE Tax | E183: 28223.11
B184: 25 | C184: 22.07/23-141 | D184: 21 MV Excise Tax | E184: 317.18
B185: 25 | C185: 22.07/23-141 | D185: Penalty-MV Int. | E185: 47.45
B186: 25 | C186: 22.07/23-141 | D186: Penalty-MV-DMD Fees | E186: 15
B187: 26 | C187: Comm of Mass | D187: DE&SE SPED Early Childhood | E187: 5523
B188: 26 | C188: Comm of Mass | D188: DE&SE IDEA | E188: 2393
B189: 26 | C189: 22.07/23-044 (LERETA) | D189: 23RE Tax | E189: 68920.26
B190: 26 | C190: 22.07/23-045 | D190: 22RE Tax | E190: 4809.82
B191: 26 | C191: 22.07/23-045 | D191: 23RE Tax | E191: 28223.29
B192: 26 | C192: 22.07/23-045 | D192: Penalty-RE Int. | E192: 156.45
... B195: 26 | C195: 22.07/23-057 | D195: 23 RE Receivable | E195: -3328.77
B196: 27 | C196: Warrants | D196: G-3 | F196: 283300.27 | G196: x
B197: 27 | C197: Comm of Mass | D197: DFS FF Equipment grant | E197: 11218.36
B198: 27 | C198: 22.07/23-094 | D198: 23 RE Receivable | E198: 94004.06
B199: 27 | C199: 22.07/23-059 | D199: 23 RE Receivable | E199: 69383.31
B200: 28 | C200: Police Dept FY23-4 | D200: Police Detail | E200: 783
B201: 28 | C201: Police Dept FY23-4 | D201: Administrative Fee | E201: 55.1
B202: 28 | C202: Police Dept FY23-4 | D202: Firearms LTC Applications | E202: 300
B203: 28 | C203: Police Dept FY23-4 | D203: Insurance & Police Reports | E203: 30
B204: 28 | C204: Highway 2023-04 | D204: Rain Barrels | E204: 120
B205: 28 | C205: Highway 2023-04 | D205: Food Scrap Pail-Garage | E205: 15
B206: 28 | C206: Highway 2023-04 | D206: Food Scrap Pail-Kitchen | E206: 20
B207: 28 | C207: Highway 2023-04 | D207: Mattresses | E207: 30
B208: 28 | C208: Council on Aging 2023-01 | D208: COA Revolving Fund | E208: 608
... B275: 31 | C275: Treasurer | D275: State Aid | E275: 320652.12
...

Sheet Aug
A2: Cashbook | B2: 44773 | C2: Deposits | D2: Deductions | E2: JEs | F2: 44804
A4: CB Balance | B4: 53040446 | C4: 3289305 | D4: -1942777 | F4: =SUM(B4:E4) -> 54386974
A6: Move PR dep to W/D | B6: 0 | F6: =SUM(B6:E6) -> 0
A7: Voids in transit | B7: -264.6 | F7: =SUM(B7:E7) -> -264.6 | G7: FY21 carrying variance
A8: duplicate receipt - Sept | B8: -120 | F8: =SUM(B8:E8) -> -120 | G8: FY21 carrying variance
A9: 12-PR122221 | B9: -12.42 | F9: =SUM(B9:E9) -> -12.42 | G9: delta
A10: void in GL not CB 81439 | B10: 190.86 | F10: =SUM(B10:E10) -> 190.86 | G10: timing
A12: Adj Bal | B12: =SUM(B4:B11) -> 53040240 | C12: =SUM(C4:C11) -> 3289305 | D12: =SUM(D4:D11) -> -1942777 | E12: =SUM(E4:E11) -> 0 | F12: =SUM(F4:F11) -> 54386768
A15: GL
H16: objects
A17: GL Balance | B17: 53415121 | C17: 3286105 | D17: -1944217 | F17: =SUM(B17:E17) -> 54757009 | H17: 1020 to 1110
A20: 21.08 22-T005 Void not in GL | B20: 2025.38 | F20: =SUM(B20:E20) -> 2025.38 | G20: tailings delta
A21: 22.06 VENDOR WEB UTILITY | B21: 469.3 | F21: =SUM(B21:E21) -> 469.3 | G21: timing
A22: 7/6/2022 Void check #81771 not in GL | B22: 120 | F22: =SUM(B22:E22) -> 120
A23: P26 not in ledger | B23: -422731.46 | F23: =SUM(B23:E23) -> -422731.46
A24: Employee Insurance-P26 | B24: 20872.38 | F24: =SUM(B24:E24) -> 20872.38
A25: FSA-P26 | B25: 2919.38 | F25: =SUM(B25:E25) -> 2919.38
A26: Employee Insurance-P27/1 | B26: 20474.19 | F26: =SUM(B26:E26) -> 20474.19
A27: FSA-P27-1 | B27: 970 | F27: =SUM(B27:E27) -> 970
A28: 8/17 Voids in CB not in GL | D28: 1440.04 | F28: =SUM(B28:E28) -> 1440.04
A29: CB23 10-01/22.08 linkage issue | C29: 3200 | F29: =SUM(B29:E29) -> 3200 | G29: Petty Cash entry did not credit fb, but hit PettyCash again
A31: Adj Bal | B31: =SUM(B16:B30) -> 53040240 | C31: =SUM(C16:C30) -> 3289305 | D31: =SUM(D16:D30) -> -1942777 | E31: =SUM(E16:E30) -> 0 | F31: =SUM(F16:F30) -> 54386768
A33: Variance | B33: 0 | C33: =+C31-C12 -> 0 | D33: =+D31-D12 -> 0 | E33: =+E31-E12 -> 0 | F33: =+F31-F12 -> 0

Sheet Sept
A2: Cashbook | B2: 44804 | C2: Deposits | D2: Deductions | E2: JEs | F2: 44834
A4: CB Balance | B4: 54386974 | C4: 1182569.3 | D4: -4694782 | F4: =SUM(B4:E4) -> 50874761
A6: Move PR dep to W/D | B6: 0 | F6: =SUM(B6:E6) -> 0
A7: Voids in transit | B7: -264.6 | F7: =SUM(B7:E7) -> -264.6 | G7: FY21 carrying variance
A8: duplicate receipt - Sept | B8: -120 | F8: =SUM(B8:E8) -> -120 | G8: FY21 carrying variance
A9: 12-PR122221 | B9: -12.42 | F9: =SUM(B9:E9) -> -12.42 | G9: delta
A10: void in GL not CB 81439 | B10: 190.86 | F10: =SUM(B10:E10) -> 190.86 | G10: timing
A11: Void 81946 in transit | D11: 1058.68 | F11: =SUM(B11:E11) -> 1058.68
A12: Void 82747 in transit | D12: 940.04 | F12: =SUM(B12:E12) -> 940.04
A13: Void 823010 in transit | D13: 31.04 | F13: =SUM(B13:E13) -> 31.04
A15: Adj Bal | B15: 54386768 | C15: =SUM(C4:C14) -> 1182569.3 | D15: =SUM(D4:D14) -> -4692752.2 | E15: =SUM(E4:E14) -> 0 | F15: =SUM(F4:F14) -> 50876585
A18: GL
H19: objects
A20: GL Balance | B20: 54757009 | C20: 1179369.3 | D20: =-4694781.99+2029.76 -> -4692752.2 | F20: =SUM(B20:E20) -> 51243626 | H20: 1020 to 1110
A23: 21.08 22-T005 Void not in GL | B23: 2025.38 | F23: =SUM(B23:E23) -> 2025.38 | G23: tailings delta
A24: 22.06 VENDOR WEB UTILITY | B24: 469.3 | F24: =SUM(B24:E24) -> 469.3 | G24: timing
A25: 7/6/2022 Void check #81771 not in GL | B25: 120 | F25: =SUM(B25:E25) -> 120
A26: P26 not in ledger | B26: -422731.46 | F26: =SUM(B26:E26) -> -422731.46
A27: Employee Insurance-P26 | B27: 20872.38 | F27: =SUM(B27:E27) -> 20872.38
A28: FSA-P26 | B28: 2919.38 | F28: =SUM(B28:E28) -> 2919.38
A29: Employee Insurance-P27/1 | B29: 20474.19 | F29: =SUM(B29:E29) -> 20474.19
A30: FSA-P27-1 | B30: 970 | F30: =SUM(B30:E30) -> 970
A31: 8/17 Voids in CB not in GL | B31: 1440.04 | F31: =SUM(B31:E31) -> 1440.04
A32: CB23 10-01/22.08 linkage issue | B32: 3200 | F32: =SUM(B32:E32) -> 3200 | G32: cemetery sale of lots
A33: CB23.14-07/22.09 linkage issue | C33: 2400 | F33: =SUM(B33:E33) -> 2400 | G33: cemetery sale of lots
A34: CB23.17-01/22.09 linkage issue | C34: 800 | F34: =SUM(B34:E34) -> 800 | G34: cemetery sale of lots
A36: Adj Bal | B36: 54386768 | C36: =SUM(C19:C35) -> 1182569.3 | D36: =SUM(D19:D35) -> -4692752.2 | E36: =SUM(E19:E35) -> 0 | F36: =SUM(F19:F35) -> 50876585
A38: Variance | B38: 0 | C38: =+C36-C15 -> 0 | D38: =+D36-D15 -> 0 | E38: =+E36-E15 -> 0 | F38: =+F36-F15 -> 0

Sheet Oct
A2: Cashbook | B2: 44834 | C2: Deposits | D2: Deductions | E2: JEs | F2: 44865
A4: CB Balance | B4: 50874761 | C4: 4204528 | D4: -2927139.3 | F4: =SUM(B4:E4) -> 52152150
A6: Move PR dep to W/D | B6: 0 | F6: =SUM(B6:E6) -> 0
A7: Voids in transit | B7: -264.6 | F7: =SUM(B7:E7) -> -264.6 | G7: FY21 carrying variance
A8: duplicate receipt - Sept | B8: -120 | F8: =SUM(B8:E8) -> -120 | G8: FY21 carrying variance
A9: 12-PR122221 | B9: -12.42 | F9: =SUM(B9:E9) -> -12.42 | G9: delta
A10: void in GL not CB 81439 | B10: 190.86 | F10: =SUM(B10:E10) -> 190.86 | G10: timing
A11: Void 81946 in transit | B11: 1058.68 | F11: =SUM(B11:E11) -> 1058.68
A12: Void 82747 in transit | B12: 940.04 | D12: =-B12 -> -940.04 | F12: =SUM(B12:E12) -> 0
A13: Void 823010 in transit | B13: 31.04 | D13: =-B13 -> -31.04 | F13: =SUM(B13:E13) -> 0
A14: Void 91 in transit | D14: 500 | F14: =SUM(B14:E14) -> 500
A15: Void 81682 in transit | D15: 1253.61 | F15: =SUM(B15:E15) -> 1253.61
A17: Adj Bal | B17: =SUM(B4:B16) -> 50876585 | C17: =SUM(C4:C16) -> 4204528 | D17: =SUM(D4:D16) -> -2926356.8 | E17: =SUM(E4:E16) -> 0 | F17: =SUM(F4:F16) -> 52154756
A20: GL
H21: objects
A22: GL Balance | B22: =+Sept!F20 -> 51243626 | C22: 4204528 | D22: =-2928110.42+1753.61 -> -2926356.8 | F22: =SUM(B22:E22) -> 52521797 | H22: 1020 to 1110
A25: 21.08 22-T005 Void not in GL | B25: 2025.38 | F25: =SUM(B25:E25) -> 2025.38 | G25: tailings delta
A26: 22.06 VENDOR WEB UTILITY | B26: 469.3 | F26: =SUM(B26:E26) -> 469.3 | G26: timing
A27: 7/6/2022 Void check #81771 not in GL | B27: 120 | F27: =SUM(B27:E27) -> 120
A28: P26 not in ledger | B28: -422731.46 | F28: =SUM(B28:E28) -> -422731.46
A29: Employee Insurance-P26 | B29: 20872.38 | F29: =SUM(B29:E29) -> 20872.38
A30: FSA-P26 | B30: 2919.38 | F30: =SUM(B30:E30) -> 2919.38
A31: Employee Insurance-P27/1 | B31: 20474.19 | F31: =SUM(B31:E31) -> 20474.19
A32: FSA-P27-1 | B32: 970 | F32: =SUM(B32:E32) -> 970
A33: 8/17 Voids in CB not in GL | B33: 1440.04 | F33: =SUM(B33:E33) -> 1440.04
A34: CB23 10-01/22.08 linkage issue | B34: 3200 | F34: =SUM(B34:E34) -> 3200 | G34: cemetery sale of lots
A35: CB23.14-07/22.09 linkage issue | B35: 2400 | F35: =SUM(B35:E35) -> 2400 | G35: cemetery sale of lots
A36: CB23.17-01/22.09 linkage issue | B36: 800 | F36: =SUM(B36:E36) -> 800 | G36: cemetery sale of lots
A38: Adj Bal | B38: =SUM(B21:B37) -> 50876585 | C38: =SUM(C21:C37) -> 4204528 | D38: =SUM(D21:D37) -> -2926356.8 | E38: =SUM(E21:E37) -> 0 | F38: =SUM(F21:F37) -> 52154756
A40: Variance | B40: =+B38-B17 -> 0 | C40: =+C38-C17 -> 0 | D40: =+D38-D17 -> 0 | E40: =+E38-E17 -> 0 | F40: =+F38-F17 -> 0

Sheet Nov
A2: Cashbook | B2: 44865 | C2: Deposits | D2: Deductions | E2: JEs | F2: 44895
A4: CB Balance | B4: 52152150 | C4: 5971752.6 | D4: -3385118.3 | F4: =SUM(B4:E4) -> 54738784
A6: Move PR dep to W/D | B6: 0 | F6: =SUM(B6:E6) -> 0
A7: Voids in transit | B7: -264.6 | F7: =SUM(B7:E7) -> -264.6 | G7: FY21 carrying variance
A8: duplicate receipt - Sept | B8: -120 | F8: =SUM(B8:E8) -> -120 | G8: FY21 carrying variance
A9: 12-PR122221 | B9: -12.42 | F9: =SUM(B9:E9) -> -12.42 | G9: delta
A10: void in GL not CB 81439 | B10: 190.86 | F10: =SUM(B10:E10) -> 190.86 | G10: timing
A11: Void 81946 in transit | B11: 1058.68 | F11: =SUM(B11:E11) -> 1058.68
A12: Void 91 in transit | B12: 500 | F12: =SUM(B12:E12) -> 500
A13: Void 81682 in transit | B13: 1253.61 | F13: =SUM(B13:E13) -> 1253.61
A15: Adj Bal | B15: =SUM(B4:B14) -> 52154756 | C15: =SUM(C4:C14) -> 5971752.6 | D15: =SUM(D4:D14) -> -3385118.3 | E15: =SUM(E4:E14) -> 0 | F15: =SUM(F4:F14) -> 54741391
A18: GL
H19: objects
A20: GL Balance | B20: =+Oct!F22 -> 52521797 | C20: 5971752.6 | D20: -3385118.3 | F20: =SUM(B20:E20) -> 55108431 | H20: 1020 to 1110
A23: 21.08 22-T005 Void not in GL | B23: 2025.38 | F23: =SUM(B23:E23) -> 2025.38 | G23: tailings delta
A24: 22.06 VENDOR WEB UTILITY | B24: 469.3 | F24: =SUM(B24:E24) -> 469.3 | G24: timing
A25: 7/6/2022 Void check #81771 not in GL | B25: 120 | F25: =SUM(B25:E25) -> 120
A26: P26 not in ledger | B26: -422731.46 | F26: =SUM(B26:E26) -> -422731.46
A27: Employee Insurance-P26 | B27: 20872.38 | F27: =SUM(B27:E27) -> 20872.38
A28: FSA-P26 | B28: 2919.38 | F28: =SUM(B28:E28) -> 2919.38
A29: Employee Insurance-P27/1 | B29: 20474.19 | F29: =SUM(B29:E29) -> 20474.19
A30: FSA-P27-1 | B30: 970 | F30: =SUM(B30:E30) -> 970
A31: 8/17 Voids in CB not in GL | B31: 1440.04 | F31: =SUM(B31:E31) -> 1440.04
A32: CB23 10-01/22.08 linkage issue | B32: 3200 | F32: =SUM(B32:E32) -> 3200 | G32: cemetery sale of lots
A33: CB23.14-07/22.09 linkage issue | B33: 2400 | F33: =SUM(B33:E33) -> 2400 | G33: cemetery sale of lots
A34: CB23.17-01/22.09 linkage issue | B34: 800 | F34: =SUM(B34:E34) -> 800 | G34: cemetery sale of lots
A36: Adj Bal | B36: =SUM(B19:B35) -> 52154756 | C36: =SUM(C19:C35) -> 5971752.6 | D36: =SUM(D19:D35) -> -3385118.3 | E36: =SUM(E19:E35) -> 0 | F36: =SUM(F19:F35) -> 54741391
A38: Variance | B38: =+B36-B15 -> 0 | C38: =+C36-C15 -> 0 | D38: =+D36-D15 -> 0 | E38: =+E36-E15 -> 0 | F38: =+F36-F15 -> 0

Sheet Dec
A2: Cashbook | B2: 44895 | C2: Deposits | D2: Deductions | E2: JEs | F2: 44926
A4: CB Balance | B4: 54738784 | C4: 671066.56 | D4: -3875422.2 | F4: =SUM(B4:E4) -> 51534429
A6: Move PR dep to W/D | B6: 0 | F6: =SUM(B6:E6) -> 0
A7: Voids in transit | B7: -264.6 | F7: =SUM(B7:E7) -> -264.6 | G7: FY21 carrying variance
A8: duplicate receipt - Sept | B8: -120 | F8: =SUM(B8:E8) -> -120 | G8: FY21 carrying variance
A9: 12-PR122221 | B9: -12.42 | F9: =SUM(B9:E9) -> -12.42 | G9: delta
A10: void in GL not CB 81439 | B10: 190.86 | F10: =SUM(B10:E10) -> 190.86 | G10: timing
A11: Void 81946 in transit | B11: 1058.68 | F11: =SUM(B11:E11) -> 1058.68
A12: Void 91 in transit | B12: 500 | F12: =SUM(B12:E12) -> 500
A13: Void 81682 in transit | B13: 1253.61 | F13: =SUM(B13:E13) -> 1253.61
A15: Adj Bal | B15: =SUM(B4:B14) -> 54741391 | C15: =SUM(C4:C14) -> 671066.56 | D15: =SUM(D4:D14) -> -3875422.2 | E15: =SUM(E4:E14) -> 0 | F15: =SUM(F4:F14) -> 51537035
A18: GL
H19: objects
A20: GL Balance | B20: =+Nov!F20 -> 55108431 | C20: 671066.56 | D20: -3879706.6 | E20: 0 | F20: =SUM(B20:E20) -> 51899791 | H20: 1020 to 1110
A23: 21.08 22-T005 Void not in GL | B23: 2025.38 | F23: =SUM(B23:E23) -> 2025.38 | G23: tailings delta
A24: 22.06 VENDOR WEB UTILITY | B24: 469.3 | F24: =SUM(B24:E24) -> 469.3 | G24: timing
A25: 7/6/2022 Void check #81771 not in GL | B25: 120 | F25: =SUM(B25:E25) -> 120
A26: P26 not in ledger - wasn't imported | B26: -422731.46 | F26: =SUM(B26:E26) -> -422731.46
A27: Employee Insurance-P26 | B27: 20872.38 | F27: =SUM(B27:E27) -> 20872.38
A28: FSA-P26 | B28: 2919.38 | F28: =SUM(B28:E28) -> 2919.38
A29: Employee Insurance-P27/1 | B29: 20474.19 | F29: =SUM(B29:E29) -> 20474.19
A30: FSA-P27-1 | B30: 970 | F30: =SUM(B30:E30) -> 970
A31: 8/17 Voids in CB not in GL | B31: 1440.04 | F31: =SUM(B31:E31) -> 1440.04
A32: CB23 10-01/22.08 linkage issue | B32: 3200 | F32: =SUM(B32:E32) -> 3200 | G32: cemetery sale of lots
A33: CB23.14-07/22.09 linkage issue | B33: 2400 | F33: =SUM(B33:E33) -> 2400 | G33: cemetery sale of lots
A34: CB23.17-01/22.09 linkage issue | B34: 800 | F34: =SUM(B34:E34) -> 800 | G34: cemetery sale of lots
A35: WARRANT AP-22 delta | D35: 564.72 | F35: =SUM(B35:E35) -> 564.72
A36: WARRANT AP-24 delta | D36: 2647.75 | F36: =SUM(B36:E36) -> 2647.75
A37: WARRANT AP-23 delta | D37: 1071.93 | F37: =SUM(B37:E37) -> 1071.93
F38: =SUM(B38:E38) -> 0
A39: Adj Bal | B39: =SUM(B19:B38) -> 54741391 | C39: =SUM(C19:C38) -> 671066.56 | D39: =SUM(D19:D38) -> -3875422.2 | E39: =SUM(E19:E38) -> 0 | F39: =SUM(F19:F38) -> 51537035
A41: Variance | B41: =+B39-B15 -> 0 | C41: =+C39-C15 -> 0 | D41: =+D39-D15 -> 0 | E41: =+E39-E15 -> 0 | F41: =+F39-F15 -> 0

Sheet Jan
A2: Cashbook | B2: 44926 | C2: Deposits | D2: Deductions | E2: JEs | F2: 44957
A4: CB Balance | B4: 51534429 | C4: 5800383.6 | D4: -4299436.8 | F4: =SUM(B4:E4) -> 53035376
A6: Move PR dep to W/D | B6: 0 | F6: =SUM(B6:E6) -> 0
A7: Voids in transit | B7: -264.6 | F7: =SUM(B7:E7) -> -264.6 | G7: FY21 carrying variance
A8: duplicate receipt - Sept | B8: -120 | F8: =SUM(B8:E8) -> -120 | G8: FY21 carrying variance
A9: 12-PR122221 | B9: -12.42 | F9: =SUM(B9:E9) -> -12.42 | G9: delta
A10: void in GL not CB 81439 | B10: 190.86 | F10: =SUM(B10:E10) -> 190.86 | G10: timing
A11: Void 81946 in transit | B11: 1058.68 | F11: =SUM(B11:E11) -> 1058.68
A12: Void 91 in transit | B12: 500 | F12: =SUM(B12:E12) -> 500
A13: Void 81682 in transit | B13: 1253.61 | F13: =SUM(B13:E13) -> 1253.61
A14: CB23.47-06/23.02 | C14: -3006.83 | F14: =SUM(B14:E14) -> -3006.83 | G14: timing
A16: Adj Bal | B16: =SUM(B4:B15) -> 51537035 | C16: =SUM(C4:C15) -> 5797376.8 | D16: =SUM(D4:D15) -> -4299436.8 | E16: =SUM(E4:E15) -> 0 | F16: =SUM(F4:F15) -> 53034975
A19: GL
H20: objects
A21: GL Balance | B21: =+Dec!F20 -> 51899791 | C21: 5797371.8 | D21: -4299436.8 | F21: =SUM(B21:E21) -> 53397726 | H21: 1020 to 1110
A24: 21.08 22-T005 Void not in GL | B24: 2025.38 | F24: =SUM(B24:E24) -> 2025.38 | G24: tailings delta
A25: 22.06 VENDOR WEB UTILITY | B25: 469.3 | F25: =SUM(B25:E25) -> 469.3 | G25: timing
A26: 7/6/2022 Void check #81771 not in GL | B26: 120 | F26: =SUM(B26:E26) -> 120
A27: P26 not in ledger - wasn't imported | B27: -422731.46 | F27: =SUM(B27:E27) -> -422731.46
A28: Employee Insurance-P26 | B28: 20872.38 | F28: =SUM(B28:E28) -> 20872.38
A29: FSA-P26 | B29: 2919.38 | F29: =SUM(B29:E29) -> 2919.38
A30: Employee Insurance-P27/1 | B30: 20474.19 | F30: =SUM(B30:E30) -> 20474.19
A31: FSA-P27-1 | B31: 970 | F31: =SUM(B31:E31) -> 970
A32: 8/17 Voids in CB not in GL | B32: 1440.04 | F32: =SUM(B32:E32) -> 1440.04
A33: CB23 10-01/22.08 linkage issue | B33: 3200 | F33: =SUM(B33:E33) -> 3200 | G33: cemetery sale of lots
A34: CB23.14-07/22.09 linkage issue | B34: 2400 | F34: =SUM(B34:E34) -> 2400 | G34: cemetery sale of lots
A35: CB23.17-01/22.09 linkage issue | B35: 800 | F35: =SUM(B35:E35) -> 800 | G35: cemetery sale of lots
A36: WARRANT AP-22 delta | B36: 564.72 | F36: =SUM(B36:E36) -> 564.72
A37: WARRANT AP-24 delta | B37: 2647.75 | F37: =SUM(B37:E37) -> 2647.75
A38: WARRANT AP-23 delta | B38: 1071.93 | F38: =SUM(B38:E38) -> 1071.93
A39: CB23.41-06/23.01 delta to CB | C39: 5 | F39: =SUM(B39:E39) -> 5
B40: 0 | F40: =SUM(B40:E40) -> 0
A41: Adj Bal | B41: =SUM(B20:B40) -> 51537035 | C41: =SUM(C20:C40) -> 5797376.8 | D41: =SUM(D20:D40) -> -4299436.8 | E41: =SUM(E20:E40) -> 0 | F41: =SUM(F20:F40) -> 53034975
A43: Variance | B43: =+B41-B16 -> 0 | C43: =+C41-C16 -> 0 | D43: =+D41-D16 -> 0 | E43: =+E41-E16 -> 0 | F43: =+F41-F16 -> 0

Sheet Feb
A2: Cashbook | B2: 44957 | C2: Deposits | D2: Deductions | E2: JEs | F2: 44985
A4: CB Balance | B4: 53035376 | C4: 5717184.5 | D4: -3407389.7 | E4: 0 | F4: =SUM(B4:E4) -> 55345170
A6: Move PR dep to W/D | B6: 0 | F6: =SUM(B6:E6) -> 0
A7: Voids in transit | B7: -264.6 | F7: =SUM(B7:E7) -> -264.6 | G7: FY21 carrying variance
A8: duplicate receipt - Sept | B8: -120 | F8: =SUM(B8:E8) -> -120 | G8: FY21 carrying variance
A9: 12-PR122221 | B9: -12.42 | F9: =SUM(B9:E9) -> -12.42 | G9: delta
A10: void in GL not CB 81439 | B10: 190.86 | F10: =SUM(B10:E10) -> 190.86 | G10: timing
A11: Void 81946 in transit | B11: 1058.68 | F11: =SUM(B11:E11) -> 1058.68
A12: Void 91 in transit | B12: 500 | F12: =SUM(B12:E12) -> 500
A13: Void 81682 in transit | B13: 1253.61 | F13: =SUM(B13:E13) -> 1253.61
A14: CB23.47-06/23.02 | B14: -3006.83 | C14: =-B14 -> 3006.83 | F14: =SUM(B14:E14) -> 0 | G14: timing
A15: United AG check # 84603 void | D15: 357.26 | F15: =SUM(B15:E15) -> 357.26
A17: Adj Bal | B17: =SUM(B4:B16) -> 53034975 | C17: =SUM(C4:C16) -> 5720191.3 | D17: =SUM(D4:D16) -> -3407032.4 | E17: =SUM(E4:E16) -> 0 | F17: =SUM(F4:F16) -> 55348134
A20: GL
H21: objects
A22: GL Balance | B22: =+Jan!F21 -> 53397726 | C22: 5647174.3 | D22: =-3935474.03+3005.01 -> -3932469 | E22: 473372.9 | F22: =SUM(B22:E22) -> 55585804 | H22: 1020 to 1110
D24: =-E24 -> 473372.9 | E24: =-E22 -> -473372.9
A25: 21.08 22-T005 Void not in GL | B25: 2025.38 | F25: =SUM(B25:E25) -> 2025.38 | G25: tailings delta
A26: 22.06 VENDOR WEB UTILITY | B26: 469.3 | F26: =SUM(B26:E26) -> 469.3 | G26: timing
A27: 7/6/2022 Void check #81771 not in GL | B27: 120 | F27: =SUM(B27:E27) -> 120
A28: P26 not in ledger - wasn't imported | B28: -422731.46 | F28: =SUM(B28:E28) -> -422731.46
A29: Employee Insurance-P26 | B29: 20872.38 | F29: =SUM(B29:E29) -> 20872.38
A30: FSA-P26 | B30: 2919.38 | F30: =SUM(B30:E30) -> 2919.38
A31: Employee Insurance-P27/1 | B31: 20474.19 | F31: =SUM(B31:E31) -> 20474.19
A32: FSA-P27-1 | B32: 970 | F32: =SUM(B32:E32) -> 970
A33: 8/17 Voids in CB not in GL | B33: 1440.04 | F33: =SUM(B33:E33) -> 1440.04
A34: CB23 10-01/22.08 linkage issue | B34: 3200 | F34: =SUM(B34:E34) -> 3200 | G34: cemetery sale of lots
A35: CB23.14-07/22.09 linkage issue | B35: 2400 | F35: =SUM(B35:E35) -> 2400 | G35: cemetery sale of lots
A36: CB23.17-01/22.09 linkage issue | B36: 800 | F36: =SUM(B36:E36) -> 800 | G36: cemetery sale of lots
A37: WARRANT AP-22 delta | B37: 564.72 | F37: =SUM(B37:E37) -> 564.72
A38: WARRANT AP-24 delta | B38: 2647.75 | D38: =-B38 -> -2647.75 | F38: =SUM(B38:E38) -> 0
A39: WARRANT AP-23 delta | B39: 1071.93 | F39: =SUM(B39:E39) -> 1071.93
A40: CB23.41-06/23.01 delta to CB | B40: 5 | F40: =SUM(B40:E40) -> 5
A41: Atkinson annuity double-posted | D41: 1050 | F41: =SUM(B41:E41) -> 1050
A42: P-15 Delta to CB | D42: 50540.41 | F42: =SUM(B42:E42) -> 50540.41
A43: AP 32 Grainger credit not posted | D43: 214.43 | F43: =SUM(B43:E43) -> 214.43
A44: AP 33 TPX comm credit not posted | D44: 2906.59 | F44: =SUM(B44:E44) -> 2906.59
A45: 2/8 Correlogic test depo not booked | C45: 0.1 | F45: =SUM(B45:E45) -> 0.1
A46: 23.02/23-592 not in GL | C46: 1742.8 | F46: =SUM(B46:E46) -> 1742.8
A47: 23.02/23-571 not in GL | C47: 4761.96 | F47: =SUM(B47:E47) -> 4761.96
A48: 23.02/23-579-BRADY not in GL | C48: 15753.93 | F48: =SUM(B48:E48) -> 15753.93
A49: 23.02/23-414 CORELOGIC not in GL | C49: 47560.19 | F49: =SUM(B49:E49) -> 47560.19
A50: 23.02.28/FY23-FEB I - Needham bank interest wrong | C50: 198 | F50: =SUM(B50:E50) -> 198 | G50: CB = 5816.24, GL 5618.24
A51: CB23.48-01/2-TR1 linkage issue | C51: 3000 | F51: =SUM(B51:E51) -> 3000
B52: 0 | F52: =SUM(B52:E52) -> 0
A53: Adj Bal | B53: =SUM(B21:B52) -> 53034975 | C53: =SUM(C21:C52) -> 5720191.3 | D53: =SUM(D21:D52) -> -3407032.4 | E53: =SUM(E21:E52) -> 0 | F53: =SUM(F21:F52) -> 55348134
A55: Variance | B55: =+B53-B17 -> 0 | C55: =+C53-C17 -> 0 | D55: =+D53-D17 -> 0 | E55: =+E53-E17 -> 0 | F55: =+F53-F17 -> 0
J65: CASH/FB LINKED BACKWARDS

Sheet March
A2: Cashbook | B2: 44985 | C2: Deposits | D2: Deductions | E2: JEs | F2: 45016
A4: CB Balance | B4: 55345170 | C4: 1785296.8 | D4: -4301702.8 | F4: =SUM(B4:E4) -> 52828764
A6: Move dep to W/D | B6: 0 | C6: =-D6 -> -256876.18 | D6: 256876.18 | F6: =SUM(B6:E6) -> 0
A7: Voids in transit | B7: -264.6 | F7: =SUM(B7:E7) -> -264.6 | G7: FY21 carrying variance
A8: duplicate receipt - Sept | B8: -120 | F8: =SUM(B8:E8) -> -120 | G8: FY21 carrying variance
A9: 12-PR122221 | B9: -12.42 | F9: =SUM(B9:E9) -> -12.42 | G9: delta
A10: void in GL not CB 81439 | B10: 190.86 | F10: =SUM(B10:E10) -> 190.86
A11: Void 81946 in transit | B11: 1058.68 | F11: =SUM(B11:E11) -> 1058.68
A12: Void 91 in transit | B12: 500 | F12: =SUM(B12:E12) -> 500
A13: Void 81682 in transit | B13: 1253.61 | F13: =SUM(B13:E13) -> 1253.61
A14: United AG check # 84603 void | B14: 357.26 | F14: =SUM(B14:E14) -> 357.26
A15: CB23.59-10/23.03 | C15: 136.28 | F15: =SUM(B15:E15) -> 136.28 | G15: timing
A17: Adj Bal | B17: =SUM(B4:B16) -> 55348134 | C17: =SUM(C4:C16) -> 1528556.9 | D17: =SUM(D4:D16) -> -4044826.6 | E17: =SUM(E4:E16) -> 0 | F17: =SUM(F4:F16) -> 52831864
A20: GL
H21: objects
A22: GL Balance | B22: =+Feb!F22 -> 55585804 | C22: 1532062.8 | D22: =-4521014.58+921.98 -> -4520092.6 | E22: 490587.34 | F22: =SUM(B22:E22) -> 53088362 | H22: 1020 to 1110
D24: =-E24 -> 490587.34 | E24: =-E22 -> -490587.34
A25: 21.08 22-T005 Void not in GL | B25: 2025.38 | F25: =SUM(B25:E25) -> 2025.38 | G25: tailings delta
A26: 22.06 VENDOR WEB UTILITY | B26: 469.3 | F26: =SUM(B26:E26) -> 469.3 | G26: timing
A27: 7/6/2022 Void check #81771 not in GL | B27: 120 | F27: =SUM(B27:E27) -> 120
A28: P26 not in ledger - wasn't imported | B28: -422731.46 | F28: =SUM(B28:E28) -> -422731.46
A29: Employee Insurance-P26 | B29: 20872.38 | F29: =SUM(B29:E29) -> 20872.38
A30: FSA-P26 | B30: 2919.38 | F30: =SUM(B30:E30) -> 2919.38
A31: Employee Insurance-P27/1 | B31: 20474.19 | F31: =SUM(B31:E31) -> 20474.19
A32: FSA-P27-1 | B32: 970 | F32: =SUM(B32:E32) -> 970
A33: 8/17 Voids in CB not in GL | B33: 1440.04 | F33: =SUM(B33:E33) -> 1440.04
A34: CB23 10-01/22.08 linkage issue | B34: 3200 | F34: =SUM(B34:E34) -> 3200 | G34: cemetery sale of lots
A35: CB23.14-07/22.09 linkage issue | B35: 2400 | F35: =SUM(B35:E35) -> 2400 | G35: cemetery sale of lots
A36: CB23.17-01/22.09 linkage issue | B36: 800 | F36: =SUM(B36:E36) -> 800 | G36: cemetery sale of lots
A37: WARRANT AP-22 delta | B37: 564.72 | D37: =-B37 -> -564.72 | F37: =SUM(B37:E37) -> 0
A38: WARRANT AP-23 delta | B38: 1071.93 | F38: =SUM(B38:E38) -> 1071.93
A39: CB23.41-06/23.01 delta to CB | B39: 5 | F39: =SUM(B39:E39) -> 5
A40: Atkinson annuity double-posted | B40: 1050 | F40: =SUM(B40:E40) -> 1050
A41: P-15 Delta to CB | B41: 50540.41 | F41: =SUM(B41:E41) -> 50540.41
A42: AP 32 Grainger credit not posted | B42: 214.43 | F42: =SUM(B42:E42) -> 214.43
A43: AP 33 TPX comm credit not posted | B43: 2906.59 | F43: =SUM(B43:E43) -> 2906.59
A44: 2/8 Correlogic test depo not booked | B44: 0.1 | F44: =SUM(B44:E44) -> 0.1
A45: 23.02/23-592 not in GL | B45: 1742.8 | F45: =SUM(B45:E45) -> 1742.8
A46: 23.02/23-571 not in GL | B46: 4761.96 | C46: =-B46 -> -4761.96 | F46: =SUM(B46:E46) -> 0
A47: 23.02/23-579-BRADY not in GL | B47: 15753.93 | F47: =SUM(B47:E47) -> 15753.93
A48: 23.02/23-414 CORELOGIC not in GL | B48: 47560.19 | F48: =SUM(B48:E48) -> 47560.19
A49: 23.02.28/FY23-FEB I - Needham bank interest wrong | B49: 198 | F49: =SUM(B49:E49) -> 198 | G49: CB = 5816.24, GL 5618.24
A50: CB23.48-01/2-TR1 linkage issue | B50: 3000 | F50: =SUM(B50:E50) -> 3000
A51: AP35 Delta to CB | B51: 0 | D51: -41173.62 | F51: =SUM(B51:E51) -> -41173.62
A52: P-17 Delta to CB | B52: 0 | D52: 26416.99 | F52: =SUM(B52:E52) -> 26416.99
A53: CB23.58/23.03 delta to CB | C53: 1304.97 | F53: =SUM(B53:E53) -> 1304.97
A54: CB23.54-12/23.03 delta to CB | C54: -48.91 | F54: =SUM(B54:E54) -> -48.91
B55: 0 | F55: =SUM(B55:E55) -> 0
A56: Adj Bal | B56: =SUM(B21:B55) -> 55348134 | C56: =SUM(C21:C55) -> 1528556.9 | D56: =SUM(D21:D55) -> -4044826.6 | E56: =SUM(E21:E55) -> 0 | F56: =SUM(F21:F55) -> 52831864
A58: Variance | B58: =+B56-B17 -> 0 | C58: =+C56-C17 -> 0 | D58: =+D56-D17 -> 0 | E58: =+E56-E17 -> 0 | F58: =+F56-F17 -> 0

Sheet April
A2: Cashbook | B2: 45016 | C2: Deposits | D2: Deductions | E2: JEs | F2: 45046
A4: CB Balance | B4: 52828764 | C4: 7572858.7 | D4: -3835252.4 | F4: =SUM(B4:E4) -> 56566371
A6: Move dep to W/D | B6: 0 | F6: =SUM(B6:E6) -> 0
A7: Voids in transit | B7: -264.6 | F7: =SUM(B7:E7) -> -264.6 | G7: FY21 carrying variance
A8: duplicate receipt - Sept | B8: -120 | F8: =SUM(B8:E8) -> -120 | G8: FY21 carrying variance
A9: 12-PR122221 | B9: -12.42 | F9: =SUM(B9:E9) -> -12.42 | G9: delta
A10: void in GL not CB 81439 | B10: 190.86 | F10: =SUM(B10:E10) -> 190.86
A11: Void 81946 in transit | B11: 1058.68 | F11: =SUM(B11:E11) -> 1058.68
A12: Void 91 in transit | B12: 500 | F12: =SUM(B12:E12) -> 500
A13: Void 81682 in transit | B13: 1253.61 | F13: =SUM(B13:E13) -> 1253.61
A14: United AG check # 84603 void | B14: 357.26 | F14: =SUM(B14:E14) -> 357.26
A15: CB23.59-10/23.03 | B15: 136.28 | C15: =-B15 -> -136.28 | F15: =SUM(B15:E15) -> 0
A16: CB23.65-02/23.04 | C16: 9773.4 | F16: =SUM(B16:E16) -> 9773.4
A18: Adj Bal | B18: =SUM(B4:B17) -> 52831864 | C18: =SUM(C4:C17) -> 7582495.8 | D18: =SUM(D4:D17) -> -3835252.4 | E18: =SUM(E4:E17) -> 0 | F18: =SUM(F4:F17) -> 56579107
A21: GL
H22: objects
A23: GL Balance | B23: =+March!F22 -> 53088362 | C23: 7583654.7 | D23: -3835853.1 | F23: =SUM(B23:E23) -> 56836163 | H23: 1020 to 1110
A26: 21.08 22-T005 Void not in GL | B26: 2025.38 | F26: =SUM(B26:E26) -> 2025.38 | G26: tailings delta
A27: 22.06 VENDOR WEB UTILITY | B27: 469.3 | F27: =SUM(B27:E27) -> 469.3 | G27: timing
A28: 7/6/2022 Void check #81771 not in GL | B28: 120 | F28: =SUM(B28:E28) -> 120
A29: P26 not in ledger - wasn't imported | B29: -422731.46 | F29: =SUM(B29:E29) -> -422731.46
A30: Employee Insurance-P26 | B30: 20872.38 | F30: =SUM(B30:E30) -> 20872.38
A31: FSA-P26 | B31: 2919.38 | F31: =SUM(B31:E31) -> 2919.38
A32: Employee Insurance-P27/1 | B32: 20474.19 | F32: =SUM(B32:E32) -> 20474.19
A33: FSA-P27-1 | B33: 970 | F33: =SUM(B33:E33) -> 970
A34: 8/17 Voids in CB not in GL | B34: 1440.04 | F34: =SUM(B34:E34) -> 1440.04
A35: CB23 10-01/22.08 linkage issue | B35: 3200 | F35: =SUM(B35:E35) -> 3200 | G35: cemetery sale of lots
A36: CB23.14-07/22.09 linkage issue | B36: 2400 | F36: =SUM(B36:E36) -> 2400 | G36: cemetery sale of lots
A37: CB23.17-01/22.09 linkage issue | B37: 800 | F37: =SUM(B37:E37) -> 800 | G37: cemetery sale of lots
A38: WARRANT AP-23 delta | B38: 1071.93 | F38: =SUM(B38:E38) -> 1071.93
A39: CB23.41-06/23.01 delta to CB | B39: 5 | F39: =SUM(B39:E39) -> 5
A40: Atkinson annuity double-posted | B40: 1050 | F40: =SUM(B40:E40) -> 1050
A41: P-15 Delta to CB | B41: 50540.41 | F41: =SUM(B41:E41) -> 50540.41
A42: AP 32 Grainger credit not posted | B42: 214.43 | F42: =SUM(B42:E42) -> 214.43
A43: AP 33 TPX comm credit not posted | B43: 2906.59 | F43: =SUM(B43:E43) -> 2906.59
A44: 2/8 Correlogic test depo not booked | B44: 0.1 | F44: =SUM(B44:E44) -> 0.1
A45: 23.02/23-592 not in GL | B45: 1742.8 | C45: =-B45 -> -1742.8 | F45: =SUM(B45:E45) -> 0
A46: 23.02/23-579-BRADY not in GL | B46: 15753.93 | F46: =SUM(B46:E46) -> 15753.93
A47: 23.02/23-414 CORELOGIC not in GL | B47: 47560.19 | F47: =SUM(B47:E47) -> 47560.19
A48: 23.02.28/FY23-FEB I - Needham bank interest wrong | B48: 198 | F48: =SUM(B48:E48) -> 198 | G48: CB = 5816.24, GL 5618.24
A49: CB23.48-01/2-TR1 linkage issue | B49: 3000 | F49: =SUM(B49:E49) -> 3000
A50: AP35 Delta to CB | B50: -41173.62 | F50: =SUM(B50:E50) -> -41173.62
A51: P-17 Delta to CB | B51: 26416.99 | F51: =SUM(B51:E51) -> 26416.99
A52: CB23.58/23.03 delta to CB | B52: 1304.97 | F52: =SUM(B52:E52) -> 1304.97
A53: CB23.54-12/23.03 delta to CB | B53: -48.91 | F53: =SUM(B53:E53) -> -48.91
A54: AP41 Credit not posted | D54: 590 | F54: =SUM(B54:E54) -> 590
A55: AP41 remaining delta | D55: 10.66 | F55: =SUM(B55:E55) -> 10.66
A56: CB23.64/23.04 delta | C56: 583.96 | F56: =SUM(B56:E56) -> 583.96
B57: 0 | F57: =SUM(B57:E57) -> 0
A58: Adj Bal | B58: =SUM(B22:B57) -> 52831864 | C58: =SUM(C22:C57) -> 7582495.8 | D58: =SUM(D22:D57) -> -3835252.4 | E58: =SUM(E22:E57) -> 0 | F58: =SUM(F22:F57) -> 56579107
A60: Variance | B60: =+B58-B18 -> 0 | C60: =+C58-C18 -> 0 | D60: =+D58-D18 -> 0 | E60: =+E58-E18 -> 0 | F60: =+F58-F18 -> 0

Sheet May
A2: Cashbook | B2: 45046 | C2: Deposits | D2: Deductions | E2: JEs | F2: 45077
A4: CB Balance | B4: 56566371 | C4: 3487655.3 | D4: -4090658.9 | F4: =SUM(B4:E4) -> 55963367
A6: Move dep to W/D | B6: 0 | F6: =SUM(B6:E6) -> 0
A7: Voids in transit | B7: -264.6 | F7: =SUM(B7:E7) -> -264.6 | G7: FY21 carrying variance
A8: duplicate receipt - Sept | B8: -120 | F8: =SUM(B8:E8) -> -120 | G8: FY21 carrying variance
A9: 12-PR122221 | B9: -12.42 | F9: =SUM(B9:E9) -> -12.42 | G9: delta
A10: void in GL not CB 81439 | B10: 190.86 | F10: =SUM(B10:E10) -> 190.86
A11: Void 81946 in transit | B11: 1058.68 | F11: =SUM(B11:E11) -> 1058.68
A12: Void 91 in transit | B12: 500 | F12: =SUM(B12:E12) -> 500
A13: Void 81682 in transit | B13: 1253.61 | F13: =SUM(B13:E13) -> 1253.61
A14: United AG check # 84603 void | B14: 357.26 | F14: =SUM(B14:E14) -> 357.26
A15: CB23.65-02/23.04 | B15: 9773.4 | C15: =-B15 -> -9773.4 | F15: =SUM(B15:E15) -> 0
A16: AP 47 - 05/31/23 not in CB | D16: -81263.02 | F16: =SUM(B16:E16) -> -81263.02
A17: CB23.66-21/23.05 BofA Lunch not posted in CB | C17: 4976.15 | F17: =SUM(B17:E17) -> 4976.15
A18: CB23.72-INT/23.05 BofA Lunch delta | C18: =6474.27 -> 6474.27 | F18: =SUM(B18:E18) -> 6474.27
F19: =SUM(B19:E19) -> 0
F20: =SUM(B20:E20) -> 0
A21: Adj Bal | B21: =SUM(B4:B20) -> 56579107 | C21: =SUM(C4:C20) -> 3489332.3 | D21: =SUM(D4:D20) -> -4171922 | E21: =SUM(E4:E20) -> 0 | F21: =SUM(F4:F20) -> 55896518
A24: GL
H25: objects
A26: GL Balance | B26: =+April!F23 -> 56836163 | C26: 3489077.5 | D26: =-4172166.96+590 -> -4171577 | F26: =SUM(B26:E26) -> 56153664 | H26: 1020 to 1110
A29: 21.08 22-T005 Void not in GL | B29: 2025.38 | F29: =SUM(B29:E29) -> 2025.38 | G29: tailings delta
A30: 22.06 VENDOR WEB UTILITY | B30: 469.3 | F30: =SUM(B30:E30) -> 469.3 | G30: timing
A31: 7/6/2022 Void check #81771 not in GL | B31: 120 | F31: =SUM(B31:E31) -> 120
A32: P26 not in ledger - wasn't imported | B32: -422731.46 | F32: =SUM(B32:E32) -> -422731.46
A33: Employee Insurance-P26 | B33: 20872.38 | F33: =SUM(B33:E33) -> 20872.38
A34: FSA-P26 | B34: 2919.38 | F34: =SUM(B34:E34) -> 2919.38
A35: Employee Insurance-P27/1 | B35: 20474.19 | F35: =SUM(B35:E35) -> 20474.19
A36: FSA-P27-1 | B36: 970 | F36: =SUM(B36:E36) -> 970
A37: 8/17 Voids in CB not in GL | B37: 1440.04 | F37: =SUM(B37:E37) -> 1440.04
A38: CB23 10-01/22.08 linkage issue | B38: 3200 | F38: =SUM(B38:E38) -> 3200 | G38: cemetery sale of lots
A39: CB23.14-07/22.09 linkage issue | B39: 2400 | F39: =SUM(B39:E39) -> 2400 | G39: cemetery sale of lots
A40: CB23.17-01/22.09 linkage issue | B40: 800 | F40: =SUM(B40:E40) -> 800 | G40: cemetery sale of lots
A41: WARRANT AP-23 delta | B41: 1071.93 | F41: =SUM(B41:E41) -> 1071.93
A42: CB23.41-06/23.01 delta to CB | B42: 5 | F42: =SUM(B42:E42) -> 5
A43: Atkinson annuity double-posted | B43: 1050 | F43: =SUM(B43:E43) -> 1050
A44: P-15 Delta to CB | B44: 50540.41 | F44: =SUM(B44:E44) -> 50540.41
A45: AP 32 Grainger credit not posted | B45: 214.43 | F45: =SUM(B45:E45) -> 214.43
A46: AP 33 TPX comm credit not posted | B46: 2906.59 | F46: =SUM(B46:E46) -> 2906.59
A47: 2/8 Correlogic test depo not booked | B47: 0.1 | F47: =SUM(B47:E47) -> 0.1
A48: 23.02/23-579-BRADY not in GL | B48: 15753.93 | F48: =SUM(B48:E48) -> 15753.93
A49: 23.02/23-414 CORELOGIC not in GL | B49: 47560.19 | F49: =SUM(B49:E49) -> 47560.19
A50: 23.02.28/FY23-FEB I - Needham bank interest wrong | B50: 198 | F50: =SUM(B50:E50) -> 198 | G50: CB = 5816.24, GL 5618.24
A51: CB23.48-01/2-TR1 linkage issue | B51: 3000 | F51: =SUM(B51:E51) -> 3000
A52: AP35 Delta to CB | B52: -41173.62 | F52: =SUM(B52:E52) -> -41173.62
A53: P-17 Delta to CB | B53: 26416.99 | F53: =SUM(B53:E53) -> 26416.99
A54: CB23.58/23.03 delta to CB | B54: 1304.97 | F54: =SUM(B54:E54) -> 1304.97
A55: CB23.54-12/23.03 delta to CB | B55: -48.91 | F55: =SUM(B55:E55) -> -48.91
A56: AP41 Credit not posted | B56: 590 | D56: =-B56 -> -590 | F56: =SUM(B56:E56) -> 0
A57: AP41 remaining delta | B57: 10.66 | F57: =SUM(B57:E57) -> 10.66
A58: CB23.64/23.04 delta | B58: 583.96 | F58: =SUM(B58:E58) -> 583.96
A59: AP44 Credit not posted | B59: 0 | D59: 245 | F59: =SUM(B59:E59) -> 245
A60: CB23.72-int/23.05 delta to CB | B60: 0 | C60: 254.8 | F60: =SUM(B60:E60) -> 254.8
F61: =SUM(B61:E61) -> 0
A62: Adj Bal | B62: =SUM(B25:B61) -> 56579107 | C62: =SUM(C25:C61) -> 3489332.3 | D62: =SUM(D25:D61) -> -4171922 | E62: =SUM(E25:E61) -> 0 | F62: =SUM(F25:F61) -> 55896518
A64: Variance | B64: =+B62-B21 -> 0 | C64: =+C62-C21 -> 0 | D64: =+D62-D21 -> 0 | E64: =+E62-E21 -> 0 | F64: =+F62-F21 -> 0

Sheet June _prelim
A2: Cashbook | B2: 45077 | C2: Deposits | D2: Deductions | E2: JEs | F2: 45107
A4: CB Balance | B4: 55963367 | C4: =2016469.91 -> 2016469.9 | D4: =-4169023.86 -> -4169023.9 | F4: =SUM(B4:E4) -> 53810813
A6: Move dep to W/D | B6: 0 | F6: =SUM(B6:E6) -> 0
A7: Voids in transit | B7: -264.6 | F7: =SUM(B7:E7) -> -264.6 | G7: FY21 carrying variance
A8: duplicate receipt - Sept | B8: -120 | F8: =SUM(B8:E8) -> -120 | G8: FY21 carrying variance
A9: 12-PR122221 | B9: -12.42 | F9: =SUM(B9:E9) -> -12.42 | G9: delta
A10: void in GL not CB 81439 | B10: 190.86 | F10: =SUM(B10:E10) -> 190.86
A11: Void 81946 in transit | B11: 1058.68 | F11: =SUM(B11:E11) -> 1058.68
A12: Void 91 in transit | B12: 500 | F12: =SUM(B12:E12) -> 500
A13: Void 81682 in transit | B13: 1253.61 | F13: =SUM(B13:E13) -> 1253.61
A14: United AG check # 84603 void | B14: 357.26 | F14: =SUM(B14:E14) -> 357.26
A15: AP 47 - 05/31/23 not in CB | B15: -81263.02 | F15: =SUM(B15:E15) -> -81263.02
A16: CB23.66-21/23.05 BofA Lunch not posted in CB | B16: 4976.15 | F16: =SUM(B16:E16) -> 4976.15
A17: CB23.72-INT/23.05 BofA Lunch delta | B17: 6474.27 | F17: =SUM(B17:E17) -> 6474.27
A18: 52-AP063023 in transit | D18: -408437.73 | F18: =SUM(B18:E18) -> -408437.73 | G18: timing
A19: 52B-AP063023 in transit | B19: 0 | D19: -142330.51 | F19: =SUM(B19:E19) -> -142330.51 | G19: timing
A20: Void 85045 not in CB | D20: 56432 | F20: =SUM(B20:E20) -> 56432 | G20: timing
B21: 0 | F21: =SUM(B21:E21) -> 0
A22: Adj Bal | B22: =SUM(B4:B21) -> 55896518 | C22: =SUM(C4:C21) -> 2016469.9 | D22: =SUM(D4:D21) -> -4663360.1 | E22: =SUM(E4:E21) -> 0 | F22: =SUM(F4:F21) -> 53249627
A25: GL
H26: objects
A27: GL Balance | B27: =+May!F26 -> 56153664 | C27: 1986601.6 | D27: =-4722190.22+59798.02 -> -4662392.2 | F27: =SUM(B27:E27) -> 53477873 | H27: 1020 to 1110
A30: 21.08 22-T005 Void not in GL | B30: 2025.38 | F30: =SUM(B30:E30) -> 2025.38 | G30: tailings delta
A31: 22.06 VENDOR WEB UTILITY | B31: 469.3 | F31: =SUM(B31:E31) -> 469.3 | G31: timing
A32: 7/6/2022 Void check #81771 not in GL | B32: 120 | F32: =SUM(B32:E32) -> 120
A33: P26 not in ledger - wasn't imported | B33: -422731.46 | F33: =SUM(B33:E33) -> -422731.46
A34: Employee Insurance-P26 | B34: 20872.38 | F34: =SUM(B34:E34) -> 20872.38
A35: FSA-P26 | B35: 2919.38 | F35: =SUM(B35:E35) -> 2919.38
A36: Employee Insurance-P27/1 | B36: 20474.19 | F36: =SUM(B36:E36) -> 20474.19
A37: FSA-P27-1 | B37: 970 | F37: =SUM(B37:E37) -> 970
A38: 8/17 Voids in CB not in GL | B38: 1440.04 | F38: =SUM(B38:E38) -> 1440.04
A39: CB23 10-01/22.08 linkage issue | B39: 3200 | F39: =SUM(B39:E39) -> 3200 | G39: cemetery sale of lots
A40: CB23.14-07/22.09 linkage issue | B40: 2400 | F40: =SUM(B40:E40) -> 2400 | G40: cemetery sale of lots
A41: CB23.17-01/22.09 linkage issue | B41: 800 | F41: =SUM(B41:E41) -> 800 | G41: cemetery sale of lots
A42: WARRANT AP-23 delta | B42: 1071.93 | F42: =SUM(B42:E42) -> 1071.93
A43: CB23.41-06/23.01 delta to CB | B43: 5 | F43: =SUM(B43:E43) -> 5
A44: Atkinson annuity double-posted | B44: 1050 | F44: =SUM(B44:E44) -> 1050
A45: P-15 Delta to CB | B45: 50540.41 | F45: =SUM(B45:E45) -> 50540.41
A46: AP 32 Grainger credit not posted | B46: 214.43 | D46: =-B46 -> -214.43 | F46: =SUM(B46:E46) -> 0
A47: AP 33 TPX comm credit not posted | B47: 2906.59 | D47: =-B47 -> -2906.59 | F47: =SUM(B47:E47) -> 0
A48: 2/8 Correlogic test depo not booked | B48: 0.1 | F48: =SUM(B48:E48) -> 0.1
A49: 23.02/23-579-BRADY not in GL | B49: 15753.93 | F49: =SUM(B49:E49) -> 15753.93
A50: 23.02/23-414 CORELOGIC not in GL | B50: 47560.19 | F50: =SUM(B50:E50) -> 47560.19
A51: 23.02.28/FY23-FEB I - Needham bank interest wrong | B51: 198 | F51: =SUM(B51:E51) -> 198 | G51: CB = 5816.24, GL 5618.24
A52: CB23.48-01/2-TR1 linkage issue | B52: 3000 | F52: =SUM(B52:E52) -> 3000
A53: AP35 Delta to CB | B53: -41173.62 | F53: =SUM(B53:E53) -> -41173.62
A54: P-17 Delta to CB | B54: 26416.99 | F54: =SUM(B54:E54) -> 26416.99
A55: CB23.58/23.03 delta to CB | B55: 1304.97 | F55: =SUM(B55:E55) -> 1304.97
A56: CB23.54-12/23.03 delta to CB | B56: -48.91 | F56: =SUM(B56:E56) -> -48.91
A57: AP41 remaining delta - Meals Tax | B57: 10.66 | F57: =SUM(B57:E57) -> 10.66 | G57: s/b cashbook?
A58: CB23.64/23.04 delta | B58: 583.96 | F58: =SUM(B58:E58) -> 583.96
A59: AP44 Credit not posted | B59: 245 | D59: -245 | F59: =SUM(B59:E59) -> 0
A60: CB23.72-int/23.05 delta to CB | B60: 254.8 | F60: =SUM(B60:E60) -> 254.8
A61: AP49 Credit not posted | D61: 543.12 | F61: =SUM(B61:E61) -> 543.12
A62: AP30 Credit not posted | D62: 1855 | F62: =SUM(B62:E62) -> 1855
A63: CB23.78-INT/23.06 | C63: 29868.36 | F63: =SUM(B63:E63) -> 29868.36
B64: 0 | F64: =SUM(B64:E64) -> 0
A65: Adj Bal | B65: =SUM(B26:B64) -> 55896518 | C65: =SUM(C26:C64) -> 2016469.9 | D65: =SUM(D26:D64) -> -4663360.1 | E65: =SUM(E26:E64) -> 0 | F65: =SUM(F26:F64) -> 53249627
A67: Variance | B67: =+B65-B22 -> 0 | C67: =+C65-C22 -> 0 | D67: =+D65-D22 -> 0 | E67: =+E65-E22 -> 0 | F67: =+F65-F22 -> 0

Sheet June _w eoy adj
A2: Cashbook | B2: 45077 | C2: Deposits | D2: Deductions | E2: JEs | F2: 45107
A4: CB Balance | B4: 53810813 | C4: =483429.67+13826.46+4976.15+6474.27 -> 508706.55 | D4: =-100326.68-81263.02+41173.62 -> -140416.08 | F4: =SUM(B4:E4) -> 54179103
A6: Move dep to W/D | B6: 0 | F6: =SUM(B6:E6) -> 0
A7: Voids in transit | B7: -264.6 | F7: =SUM(B7:E7) -> -264.6 | G7: FY21 carrying variance
A8: duplicate receipt - Sept | B8: -120 | F8: =SUM(B8:E8) -> -120
A9: 12-PR122221 | B9: -12.42 | F9: =SUM(B9:E9) -> -12.42 | G9: delta
A10: void in GL not CB 81439 | B10: 190.86 | F10: =SUM(B10:E10) -> 190.86
A11: Void 81946 in transit | B11: 1058.68 | F11: =SUM(B11:E11) -> 1058.68
A12: Void 91 in transit | B12: 500 | F12: =SUM(B12:E12) -> 500
A13: Void 81682 in transit | B13: 1253.61 | F13: =SUM(B13:E13) -> 1253.61
A14: United AG check # 84603 void | B14: 357.26 | F14: =SUM(B14:E14) -> 357.26
A15: AP35 Delta to CB | B15: 41173.62 | D15: =-B15 -> -41173.62 | F15: =SUM(B15:E15) -> 0
A16: AP 47 - 05/31/23 not in CB | B16: -81263.02 | D16: =-B16 -> 81263.02 | F16: =SUM(B16:E16) -> 0
A17: CB23.66-21/23.05 BofA Lunch not posted in CB | B17: 4976.15 | C17: =-B17 -> -4976.15 | F17: =SUM(B17:E17) -> 0
A18: CB23.72-INT/23.05 BofA Lunch delta | B18: 6474.27 | C18: =-B18 -> -6474.27 | F18: =SUM(B18:E18) -> 0
A19: 52-AP063023 in transit | B19: -408437.73 | F19: =SUM(B19:E19) -> -408437.73 | G19: timing
A20: 52B-AP063023 in transit | B20: -142330.51 | F20: =SUM(B20:E20) -> -142330.51 | G20: timing
A21: Void 85045 not in CB | B21: 56432 | F21: =SUM(B21:E21) -> 56432 | G21: timing
B22: 0 | F22: =SUM(B22:E22) -> 0
A23: Adj Bal | B23: 53249627 | C23: =SUM(C4:C22) -> 497256.13 | D23: =SUM(D4:D22) -> -100326.68 | E23: =SUM(E4:E22) -> 0 | F23: =SUM(F4:F22) -> 53687731
A26: GL
H27: objects
A28: GL Balance | B28: 53477873 | C28: =994769.53+29868.36 -> 1024637.9 | E28: -823809.07 | F28: =SUM(B28:E28) -> 53678702 | H28: 1020 to 1110
A31: 21.08 22-T005 Void not in GL | B31: 2025.38 | F31: =SUM(B31:E31) -> 2025.38 | G31: tailings delta
A32: 22.06 VENDOR WEB UTILITY | B32: 469.3 | F32: =SUM(B32:E32) -> 469.3 | G32: timing
A33: 7/6/2022 Void check #81771 not in GL | B33: 120 | F33: =SUM(B33:E33) -> 120
A34: P26 not in ledger - wasn't imported | B34: -422731.46 | E34: =-B34 -> 422731.46 | F34: =SUM(B34:E34) -> 0
A35: Employee Insurance-P26 | B35: 20872.38 | C35: =-B35 -> -20872.38 | F35: =SUM(B35:E35) -> 0
A36: FSA-P26 | B36: 2919.38 | C36: =-B36 -> -2919.38 | F36: =SUM(B36:E36) -> 0
A37: Employee Insurance-P27/1 | B37: 20474.19 | C37: =-B37 -> -20474.19 | F37: =SUM(B37:E37) -> 0
A38: FSA-P27-1 | B38: 970 | C38: =-B38 -> -970 | F38: =SUM(B38:E38) -> 0
A39: 8/17 Voids in CB not in GL | B39: 1440.04 | F39: =SUM(B39:E39) -> 1440.04
A40: CB23 10-01/22.08 linkage issue | B40: 3200 | E40: =-B40 -> -3200 | F40: =SUM(B40:E40) -> 0
A41: CB23.14-07/22.09 linkage issue | B41: 2400 | E41: =-B41 -> -2400 | F41: =SUM(B41:E41) -> 0
A42: CB23.17-01/22.09 linkage issue | B42: 800 | E42: =-B42 -> -800 | F42: =SUM(B42:E42) -> 0
A43: WARRANT AP-23 delta to CB | B43: 1071.93 | F43: =SUM(B43:E43) -> 1071.93
A44: CB23.41-06/23.01 delta to CB | B44: 5 | F44: =SUM(B44:E44) -> 5
A45: Atkinson annuity double-posted | B45: 1050 | F45: =SUM(B45:E45) -> 1050
A46: P-15 Delta to CB | B46: 50540.41 | D46: =-B46 -> -50540.41 | F46: =SUM(B46:E46) -> 0
A47: 2/8 Correlogic test depo not booked | B47: 0.1 | F47: =SUM(B47:E47) -> 0.1 | G47: misc
A48: Feb 23.02/23-579-BRADY not in GL | B48: 15753.93 | C48: =-B48 -> -15753.93 | F48: =SUM(B48:E48) -> 0
A49: Feb 23.02/23-414 CORELOGIC not in GL | B49: 47560.19 | C49: -47560.19 | F49: =SUM(B49:E49) -> 0
A50: 23.02.28/FY23-FEB I - Needham bank interest wrong | B50: 198 | F50: =SUM(B50:E50) -> 198 | G50: CB = 5816.24, GL 5618.24
A51: CB23.48-01/2-TR1 linkage issue | B51: 3000 | E51: =-B51 -> -3000 | F51: =SUM(B51:E51) -> 0
A52: P-17 Delta to CB | B52: 26416.99 | D52: =-B52 -> -26416.99 | F52: =SUM(B52:E52) -> 0
A53: CB23.58/23.03 delta to CB | B53: 1304.97 | F53: =SUM(B53:E53) -> 1304.97
A54: CB23.54-12/23.03 delta to CB | B54: -48.91 | F54: =SUM(B54:E54) -> -48.91
A55: AP41 remaining delta - Meals Tax | B55: 10.66 | F55: =SUM(B55:E55) -> 10.66 | G55: s/b cashbook?
A56: CB23.64/23.04 delta | B56: 583.96 | F56: =SUM(B56:E56) -> 583.96
A57: CB23.72-int/23.05 delta to CB | B57: 254.8 | F57: =SUM(B57:E57) -> 254.8
A58: AP49 Credit not posted | B58: 543.12 | F58: =SUM(B58:E58) -> 543.12
A59: AP30 Credit not posted | B59: 1855 | D59: =-B59 -> -1855 | F59: =SUM(B59:E59) -> 0
A60: CB23.78-INT/23.06 | B60: 29868.36 | C60: =-B60 -> -29868.36 | F60: =SUM(B60:E60) -> 0
A61: WARRANT # P-4 Supp | D61: 1793.45 | E61: =-D61 -> -1793.45 | F61: =SUM(B61:E61) -> 0
A62: WARRANT # P-5 | D62: -206.62 | E62: =-D62 -> 206.62 | F62: =SUM(B62:E62) -> 0
A63: WARRANT # P-11 | D63: -7559.23 | E63: =-D63 -> 7559.23 | F63: =SUM(B63:E63) -> 0
A64: WARRANT # P-11 | D64: -340.26 | E64: =-D64 -> 340.26 | F64: =SUM(B64:E64) -> 0
A65: WARRANT # P-11 | D65: 624 | E65: =-D65 -> -624 | F65: =SUM(B65:E65) -> 0
A66: WARRANT # P-12 | D66: -6692.28 | E66: =-D66 -> 6692.28 | F66: =SUM(B66:E66) -> 0
A67: WARRANT # P-15 SUPP | D67: -6.21 | E67: =-D67 -> 6.21 | F67: =SUM(B67:E67) -> 0
A68: ADJ-Auto Fringe Tiberi | D68: 624 | E68: =-D68 -> -624 | F68: =SUM(B68:E68) -> 0
A69: WARRANT # P-23 Supp | D69: -9751.13 | E69: =-D69 -> 9751.13 | F69: =SUM(B69:E69) -> 0
A70: EOY adj | C70: -388963.33 | E70: 388963.33 | F70: =SUM(B70:E70) -> 0
B71: 0 | F71: =SUM(B71:E71) -> 0
A72: Adj Bal | B72: 53249627 | C72: =SUM(C27:C71) -> 497256.13 | D72: =SUM(D27:D71) -> -100326.68 | E72: =SUM(E27:E71) -> 0 | F72: =SUM(F27:F71) -> 53687731
A74: Variance | B74: 0 | C74: =+C72-C23 -> 0 | D74: =+D72-D23 -> 0 | E74: =+E72-E23 -> 0 | F74: =+F72-F23 -> 0

Sheet BS Submission Recon
P3: CB Balance | Q3: 54179103
P5: AP52A | Q5: 126724.84
P6: P26-FICA | Q6: 5580.23
P7: 10/27/22 SAA transfer to Checking | Q7: -1250
P8: 7/12/21 To SAA Checking | Q8: -100
N9: Treas Cash | P9: 22-219 Too high - interest error? | Q9: -0.2
P10: ck 83183 | Q10: 75
P11: CREDIT DJD | Q11: -245
P12: rounding | Q12: -0.94
P14: Treas Cash | Q14: =SUM(Q3:Q13) -> 54309887
P20: Warrants Payable
P21: 52-AP063023 in transit | Q21: 408437.73
P22: 52B-AP063023 in transit | Q22: 142330.51
P23: Void 85045 not in CB | Q23: -56432
N24: A) | P24: AP52A | Q24: 126724.84
P25: P26-FICA | Q25: 5580.23
Q27: =SUM(Q21:Q26) -> 626641.31 | R27: A)
